 Dungeon Crawl Stone Soup version 0.30.1-11-g7821555f0a (webtiles) character file.

Game seed: 899383331209134650

53657 Lutefisk the Stormcaller (level 14, -2/86 HPs)
             Began as a Tengu Air Elementalist on Nov 19, 2023.
             Was a High Priest of Vehumet.
             Slain by a cane toad (11 damage)
             ... while petrified by a basilisk
             ... on level 5 of the Lair of Beasts on Nov 20, 2023.
             The game lasted 02:13:42 (12208 turns).

Lutefisk the Stormcaller (Tengu Air Elementalist)  Turns: 12208, Time: 02:13:42

Health: -2/86      AC:  9    Str:  9    XL:     14   Next: 69%
Magic:  6/27       EV:  2    Int: 18    God:    Vehumet [*****.]
Gold:   2228       SH:  0    Dex: 17    Spells: 3/30 levels left

rFire   + . .        y - +3 scimitar (flame)
rCold   . . .        i - +2 buckler
rNeg    + + +        Q - +0 troll leather armour
rPois   ∞            (helmet restricted)
rElec   .            D - +0 cloak {rCorr}
rCorr   +            v - +1 pair of gloves
SInv    +            (boots unavailable)
Will    +....        (no amulet)
Stlth   +++          t - ring of protection from fire
HPRegen 1.14/turn    a - ring of see invisible
MPRegen 0.20/turn

%: no passive effects
@: lethally poisoned (-2 -> -2), petrified, flying quickly and evasively, quick
A: beak, talons 3, nimble flight
a: Renounce Religion


You were on level 5 of the Lair of Beasts.
You worshipped Vehumet.
Vehumet was extremely pleased with you.
You visited 4 branches of the dungeon, and saw 20 of its levels.

You collected 2363 gold pieces.
You spent 135 gold pieces at shops.

Inventory:

Hand Weapons
 p - a +3 spear
 w - a +3 flail of freezing
 y - a +3 scimitar of flaming (weapon)
Missiles
 j - 53 poisoned darts (quivered)
 A - 4 throwing nets
 G - 5 curare-tipped darts
Armour
 i - a +2 buckler (worn)
 v - a +1 pair of gloves (worn)
 D - a +0 cloak of preservation (worn)
 Q - a +0 troll leather armour (worn)
Jewellery
 a - a ring of see invisible (right hand)
 t - a ring of protection from fire (left hand)
 L - an amulet of guardian spirit
 O - a +6 ring of intelligence
Wands
 B - a wand of polymorph (7)
 E - a wand of quicksilver (14)
 F - a wand of iceblast (12)
 H - a wand of flame (9)
Scrolls
 c - a scroll of fear {unknown}
 e - 4 scrolls of enchant weapon {unknown}
 h - a scroll of amnesia {unknown}
 k - 2 scrolls of teleportation
 l - a scroll of vulnerability {unknown}
 n - 3 scrolls of enchant armour
 o - a scroll of acquirement
 s - 4 scrolls of blinking
 u - 2 scrolls of butterflies
 x - a scroll of magic mapping {unknown}
 I - 3 scrolls of immolation
 S - a scroll of brand weapon {unknown}
Potions
 b - 2 potions of magic
 d - 4 potions of lignification
 f - 3 potions of curing
 g - a potion of degeneration {unknown}
 m - 2 potions of might
 r - 9 potions of mutation
 z - 2 potions of brilliance {unknown}
 C - a potion of flight {unknown}
 K - a potion of heal wounds {unknown}
 M - 2 potions of attraction
 P - 3 potions of ambrosia
 R - 2 potions of haste {unknown}
 T - a potion of cancellation {unknown}
Miscellaneous
 J - a phial of floods
 N - a phantom mirror


   Skills:
 * Level 9.3 Fighting
 - Level 1.0 Throwing
 - Level 9.0 Armour
 - Level 10.0 Dodging
 - Level 4.0 Stealth
 - Level 8.0 Shields
 * Level 8.9 Spellcasting
 - Level 13.2 Conjurations
 - Level 4.0 Fire Magic
 - Level 15.0 Air Magic
 - Level 5.0 Evocations


You had 3 spell levels left.
You knew the following spells:

 Your Spells              Type           Power      Damage    Failure   Level
a - Shock                 Conj/Air       100%       1d9       1%          1
b - Static Discharge      Conj/Air       100%       2-7/arc   1%          2
c - Swiftness             Air            58%        N/A       1%          3
d - Airstrike             Air            29%        2d(5-21)  1%          4
e - Apportation           Tloc           16%        N/A       16%         1
f - Dazzling Flash        Conj/Hex       62%        N/A       1%          3
g - Ignite Poison         Fire/Tmut/Pois 12%        N/A       8%          3
h - Iskenderun's Mystic   Conj/Tloc      31%        2d8       3%          4
i - Plasma Beam           Fire/Air       21%        2x1d36    13%         6

Your spell library contained the following spells:

 Spells                   Type           Power      Damage    Failure   Level
 Hailstorm                Conj/Ice       31%        3d8       1%          3
 Stone Arrow              Conj/Erth      62%        3d10      1%          3
 Volatile Blastmotes      Fire/Tloc      30%        2d12      6%          3
 Necrotise                Necr           32%        1d5       16%         1
 Summon Small Mammal      Summ           32%        N/A       16%         1
 Lesser Beckoning         Tloc           16%        N/A       24%         2
 Call Canine Familiar     Summ           8%         N/A       43%         3
 Gell's Gravitas          Tloc           8%         N/A       43%         3
 Summon Guardian Golem    Hex/Summ       8%         N/A       43%         3
 Teleport Other           Tloc           8%         N/A       43%         3
 Fulminant Prism          Conj/Hex       15%        3d10      3%          4
 Summon Lightning Spire   Summ/Air       35%        N/A       8%          4
 Silence                  Hex/Air        17%        N/A       21%         5
 Lee's Rapid Deconstruct  Erth           4%         3d5*      71%         5
 Animate Armour           Summ/Erth      16%        N/A       85%         4
 Ice Form                 Ice/Tmut       8%         N/A       85%         4
 Agony                    Necr           8%         N/A       99%         5
 Alistair's Intoxication  Tmut/Pois      5%         N/A       99%         5
 Borgnjor's Vile Clutch   Necr/Erth      4%         N/A       99%         5
 Eringya's Noxious Bog    Tmut/Pois      4%         N/A       99%         6
 Simulacrum               Ice/Necr       4%         N/A       100%        6
 Lehudib's Crystal Spear  Conj/Erth      15%        10d5      100%        8


Dungeon Overview and Level Annotations

Branches:
Dungeon (12/15)            Temple (1/1) D:5            Lair (5/5) D:11
  Swamp (0/4) Lair:2       Spider (0/4) Lair:3          Orc (2/2) D:11
  Slime: Lair:4-5       Elf: Orc:2

Altars:
Ashenzari
Cheibriados
Dithmenos
Elyvilon
Fedhas
Gozag
Hepliaklqana
Kikubaaqudgha
Makhleb
Nemelex Xobeh
Okawaru
Qazlal
Ru
Sif Muna
Trog
Uskayaw
Vehumet
Wu Jian
Yredelemnul
Zin

Shops:
D:8 [   Orc:1 *

Annotations:
D:6 2 transporters, Beethoven111's ghost, weakling MfIE
D:9 exclusion: orange crystal statue
D:10 Gastronok; Lodul
Lair:3 exclusion: oklob plant
Orc:2 Saint Roka; Urug


Innate Abilities, Weirdness & Mutations

You have a beak for a mouth.
You have claws for feet.
Your magical nature lets you fly swiftly and evasively.


Message History

You feel very sick. The cane toad barely misses you. The basilisk gazes at you.
You are slowing down.
Casting: Airstrike (safe; 1% risk of failure)
Confirm with . or Enter, or press ? or * to list all spells.
You erupt in a blast of force!
The mystic blast hits the cane toad.
The cane toad is lightly wounded.
The cane toad is knocked back by the mystic blast.
The mystic blast hits the basilisk!
The basilisk is moderately wounded.
The basilisk is knocked back by the mystic blast.
The basilisk slams into the rock wall!
The basilisk is heavily wounded.
You feel very sick. The cane toad stings you!
The basilisk bites you but does no damage.
The cane toad stings you but does no damage.
The basilisk gazes at you.
You easily resist.
You have turned to stone.
The cane toad stings you. The basilisk gazes at you.
You feel yourself speed up. The cane toad stings you. The basilisk bites you.
The cane toad stings you!
A water moccasin comes into view.
The basilisk bites you! The cane toad stings you. The cane toad stings you!!
* * * LOW HITPOINT WARNING * * *
The basilisk bites you!
* * * LOW HITPOINT WARNING * * *
The cane toad stings you!
* * * LOW HITPOINT WARNING * * *
The basilisk bites you!
* * * LOW HITPOINT WARNING * * *
A skyshark comes into view.
The cane toad stings you but does no damage.
The basilisk bites you but does no damage.
The cane toad stings you!!
You die...

#............#.#...
#........†........
###......<.......#
##.............###
#..............#.#
......####...#.......
........ #...#.....#.
#........#l†.........
...........@†#.......
#..#....#..F.........
P.# .................
.....†..#........
........#.......#
....#..#........#
....#.. .......## #..
#.P .......# .. ...
.. ....


You could see a cane toad and a basilisk.

Vanquished Creatures
  Harold (D:11)
  3 hydras
  Erica (Lair:2)
  A centaur warrior (D:11)
  2 boulder beetles (D:12)
  2 two-headed ogres (D:11)
  2 death yaks
  2 orc high priests
  A skyshark (Lair:3)
  An orc knight (Orc:1)
  An ugly thing (D:12)
  3 orc sorcerers
  A cyclops (D:12)
  8 elephants
  3 black mambas
  An unseen horror (D:11)
  12 cane toads
  3 gargoyles
  A freezing wraith (D:9)
  12 komodo dragons
  A kobold demonologist (D:12)
  4 rime drakes
  3 trolls
  A polar bear (Lair:2)
  A tyrant leech (Lair:2)
  A hornet (Lair:5)
  17 blink frogs
  16 dream sheep
  6 spriggans (Lair:2)
  A vampire (D:11)
  9 wyverns
  39 yaks
  2 wraiths
  A fire elemental (D:12)
  5 basilisks
  12 steam dragons
  4 vampire mosquitoes (D:12)
  Menkaure (D:5)
  2 swamp worms (Lair:2)
  12 water moccasins
  5 wargs
  An acid dragon (D:12)
  A hell hound (D:12)
  22 orc warriors
  An ice beast (D:5)
  9 wolves
  2 sky beasts
  14 ogres
  A black bear (Lair:1)
  2 centaurs
  2 phantoms (D:6)
  4 kobold brigands
  14 bullfrogs
  A gnoll sergeant (D:5)
  4 scorpions
  7 wights
  3 killer bees (D:9)
  4 howler monkeys
  4 jellies
  17 orc priests
  3 hounds
  2 gnoll boudas
  3 sleepcaps
  4 iguanas
  25 orc wizards
  11 gnolls
  6 adders
  A howler monkey simulacrum (D:9)
  An ufetubus (D:5)
  4 worms
  A dart slug (D:2)
  73 orcs
  8 ball pythons
  7 endoplasms
  4 giant cockroaches
  2 goblins
  8 hobgoblins
  A jackal (D:3)
  4 quokkas
  5 bats
  3 frilled lizards
  12 kobolds
  5 rats
510 creatures vanquished.

Vanquished Creatures (collateral kills)
  A cane toad (Lair:2)
1 creature vanquished.

Vanquished Creatures (others)
  A water moccasin (Lair:4)
  An ogre (D:6)
2 creatures vanquished.

Grand Total: 513 creatures vanquished

Notes
Turn   | Place    | Note
-------+----------+-------------------------------------------
     0 | D:1      | Lutefisk the Tengu Air Elementalist began the quest for the
                  | Orb.
     0 | D:1      | Reached XP level 1. HP: 10/10 MP: 4/4
   140 | D:1      | Reached skill level 1 in Fighting
   160 | D:2      | Reached XP level 2. HP: 16/16 MP: 6/6
   247 | D:2      | Reached XP level 3. HP: 15/22 MP: 2/7
   631 | D:1      | Noticed a great orb of eyes
   633 | D:1      | Found a faded altar of an unknown god.
   636 | D:1      | Noticed a great orb of eyes
   637 | D:1      | Noticed an eye of devastation
   637 | D:1      | Noticed a floating eye
   813 | D:2      | Reached XP level 4. HP: 20/28 MP: 4/8
   987 | D:3      | Learned a level 2 spell: Static Discharge
  1154 | D:4      | Found a shadowy altar of Dithmenos.
  1214 | D:4      | Reached skill level 5 in Air Magic
  1214 | D:4      | Gained mutation: Your magical nature lets you fly swiftly
                  | and evasively. [Tengu growth]
  1214 | D:4      | Reached XP level 5. HP: 32/32 MP: 3/9
  1328 | D:4      | Learned a level 3 spell: Swiftness
  1423 | D:4      | Reached skill level 6 in Air Magic
  1423 | D:4      | Reached skill level 1 in Armour
  1529 | D:4      | Reached XP level 6. HP: 21/37 MP: 2/10
  1583 | D:5      | Entered Level 5 of the Dungeon
  1738 | D:5      | Found a staircase to the Ecumenical Temple.
  1741 | D:5      | Noticed an ice beast
  1782 | D:5      | Reached skill level 7 in Air Magic
  1782 | D:5      | Reached XP level 7. HP: 28/41 MP: 0/11
  1795 | D:5      | Noticed Menkaure
  1817 | D:5      | Killed Menkaure
  1818 | D:5      | Reached skill level 8 in Air Magic
  1818 | D:5      | Reached skill level 1 in Throwing
  1833 | D:5      | Learned a level 4 spell: Airstrike
  1857 | D:5      | Noticed a steam dragon
  1870 | Temple   | Entered the Ecumenical Temple
  1897 | Temple   | Became a worshipper of Vehumet
  2050 | D:5      | Killed a steam dragon
  2051 | D:5      | Reached XP level 8. HP: 20/48 MP: 3/13
  2159 | D:6      | Reached skill level 9 in Air Magic
  2252 | D:6      | Reached skill level 10 in Air Magic
  2252 | D:6      | Reached skill level 1 in Shields
  2390 | D:6      | Found a transporter.
  2390 | D:6      | Noticed Beethoven111's ghost (weakling MfIE)
  2416 | D:6      | Learned a level 1 spell: Apportation
  2483 | D:6      | Reached skill level 5 in Conjurations
  2483 | D:6      | Reached XP level 9. HP: 43/52 MP: 2/15
  2549 | D:6      | Found a transporter.
  2643 | D:7      | Reached * piety under Vehumet
  2643 | D:7      | Offered knowledge of Freeze by Vehumet.
  2893 | D:7      | Reached skill level 5 in Armour
  2893 | D:7      | Reached skill level 5 in Dodging
  3064 | D:8      | Found Xepreuju's Antique Armour Shop.
  3068 | D:8      | Bought an embroidered cloak for 135 gold pieces
  3076 | D:8      | Noticed a two-headed ogre
  3149 | D:8      | Offered knowledge of Momentum Strike by Vehumet.
  3178 | D:8      | Reached ** piety under Vehumet
  3190 | D:8      | Reached skill level 5 in Spellcasting
  3261 | D:8      | Reached skill level 1 in Evocations
  3261 | D:8      | Reached XP level 10. HP: 51/56 MP: 7/18
  3660 | D:9      | Offered knowledge of Dazzling Flash by Vehumet.
  3661 | D:9      | Reached skill level 5 in Fighting
  3795 | D:9      | Noticed a cyclops
  3795 | D:9      | Noticed a six-headed hydra
  3987 | D:9      | Learned a level 3 spell: Dazzling Flash
  4136 | D:9      | Noticed an orange crystal statue
  4304 | D:10     | Entered Level 10 of the Dungeon
  4313 | D:10     | Reached skill level 11 in Air Magic
  4315 | D:10     | Noticed a two-headed ogre
  4448 | D:10     | Reached *** piety under Vehumet
  4496 | D:10     | Found a snail-covered altar of Cheibriados.
  4498 | D:10     | Found a burning altar of Makhleb.
  4498 | D:10     | Found an opulent altar of Gozag.
  4498 | D:10     | Noticed Gastronok
  4547 | D:10     | Reached skill level 12 in Air Magic
  4547 | D:10     | Reached XP level 11. HP: 32/63 MP: 14/21
  4644 | D:10     | Reached skill level 5 in Evocations
  4689 | D:10     | Offered knowledge of Ignite Poison by Vehumet.
  4719 | D:10     | Noticed Lodul
  4814 | D:11     | Learned a level 3 spell: Ignite Poison
  4866 | D:11     | Noticed a two-headed ogre
  4966 | D:10     | Noticed a centaur warrior
  4966 | D:10     | Noticed a centaur warrior
  5125 | D:11     | Noticed a two-headed ogre
  5131 | D:11     | Killed a two-headed ogre
  5222 | D:11     | Noticed Harold
  5300 | D:11     | Found a staircase to the Lair.
  5331 | D:11     | Found a staircase to the Orcish Mines.
  5382 | D:11     | Reached skill level 10 in Conjurations
  5445 | Lair:1   | Entered Level 1 of the Lair of Beasts
  5600 | Lair:1   | Found a hide-covered altar of Uskayaw.
  5686 | Lair:1   | Learned a level 4 spell: Iskenderun's Mystic Blast
  5934 | Lair:1   | Reached **** piety under Vehumet
  5982 | Lair:2   | Noticed Erica
  6025 | Lair:1   | Reached XP level 12. HP: 65/70 MP: 4/22
  6136 | Lair:2   | Noticed a death yak
  6282 | Lair:2   | Offered knowledge of Yara's Violent Unravelling by Vehumet.
  6586 | Lair:2   | Reached skill level 13 in Air Magic
  6643 | Lair:3   | Noticed a six-headed hydra
  6779 | Lair:3   | Noticed a four-headed hydra
  6785 | Lair:3   | Killed a four-headed hydra
  6857 | Lair:3   | Killed a six-headed hydra
  6858 | Lair:3   | Reached skill level 14 in Air Magic
  7030 | Lair:2   | Noticed a death yak
  7035 | Lair:2   | Noticed a death yak
  7068 | Lair:2   | Killed a death yak
  7157 | Orc:1    | Entered Level 1 of the Orcish Mines
  7168 | Orc:1    | Noticed an orc high priest
  7169 | Orc:1    | Reached skill level 15 in Air Magic
  7175 | Orc:1    | Killed an orc high priest
  7211 | D:12     | Noticed a boulder beetle
  7304 | D:11     | Noticed a centaur warrior
  7308 | D:11     | Killed a centaur warrior
  7523 | D:12     | Reached XP level 13. HP: 51/76 MP: 8/24
  7955 | D:12     | Reached ***** piety under Vehumet
  8042 | D:12     | Offered knowledge of Irradiate by Vehumet.
  8226 | D:11     | Killed Harold
  8743 | Orc:1    | Found Witiurel's Assorted Antiques.
  9093 | Orc:2    | Entered Level 2 of the Orcish Mines
  9218 | Orc:2    | Noticed Urug
  9532 | Orc:2    | Reached skill level 5 in Shields
  9751 | Orc:2    | Noticed Saint Roka
  9849 | Lair:2   | Killed Erica
  9967 | Lair:2   | Reached skill level 10 in Dodging
 10077 | Lair:2   | Found a staircase to the Swamp.
 10311 | Lair:2   | Reached XP level 14. HP: 84/84 MP: 4/27
 10564 | Lair:3   | Offered knowledge of Plasma Beam by Vehumet.
 10782 | Lair:3   | Learned a level 6 spell: Plasma Beam
 10909 | Lair:3   | Reached skill level 1 in Fire Magic
 11062 | Lair:3   | Found a hole to the Spider Nest.
 11841 | Lair:5   | Entered Level 5 of the Lair of Beasts
 12102 | Lair:5   | Identified 2 scrolls of acquirement
 12104 | Lair:5   | Acquired 879 gold pieces
 12208 | Lair:5   | Slain by a cane toad

Illustrated notes

Levels and vault maps discovered:
D:1:      dpeg_arrival_round_b, layout_loops_ring,
          hellmonk_ecumenical_altar_watching_god, minmay_hexomino_p4
D:2:      layout_basic
D:3:      layout_loops_ring, grunt_ministairs_3
D:4:      layout_gridville, lemuel_crystal_altar, minivault_4
D:5:      layout_cave_pools, nicolae_tso_swordbearing_angel,
          minmay_temple_entry_antechambers, serial_shops,
          nicolae_shop_behind_doors, grunt_ministairs_9, uniq_menkaure
D:6:      layout_basic, gammafunk_ghost_arena
D:7:      layout_layer_cave
D:8:      layout_rooms, serial_shops, shop
D:9:      layout_loops_ring, minivault_16, st_stairs_14, grunt_tough_drop
D:10:     minmay_the_grid_octo_tiled_octocenter [minmay_the_grid_octo_checkered,
          minmay_the_grid_octo_tetromino_candy, minmay_the_grid_octo_focus,
          minmay_the_grid_octo_horde, minmay_the_grid_octo_prize_single_spiral,
          minmay_the_grid_square_5x5_shuriken, minmay_the_grid_square_5x5_empty,
          minmay_the_grid_square_5x5_eight,
          minmay_the_grid_square_5x5_bracketed], layout_loops_ring,
          grunt_temple_overflow_open, uniq_lodul, uniq_gastronok
D:11:     layout_long_grid, david_lair_shrubbed, minmay_orc_entry_guard_dogs,
          uniq_harold
D:12:     layout_basic, solitary_fountain, kennysheep_generic_room_10,
          uniq_azrael
Temple:   nicolae_temple_bog_church
Lair:1:   beast_lair_carwin_large_2, layout_layer_cave, basic_altar
Lair:2:   layout_chaotic_city, minmay_swamp_entry_worms, wad_woods_01,
          uniq_erica
Lair:3:   layout_loops_ring, spider_nest_entry_web_field,
          minmay_lair_oklob_bushes
Lair:4:   layout_small_grid, bobbens_dragon_lair_wall
Lair:5:   wormcave, layout_layer_cave, hangedman_lair_tendril_chambers,
          slime_entry_1, st_stairs_3, nicolae_lair_liquid_snakes
Orc:1:    layout_caves, serial_shops, shop, minmay_orc_temple_a
Orc:2:    grunt_orc_cross, layout_diamond_mine, basic_altar

Skill      XL: |  1  2  3  4  5  6  7  8  9 10 11 12 13 14 |
---------------+-------------------------------------------+-----
Fighting       | 1 2 3 4 5 6 7 8 9 |  9.3
Conjurations   | 2 3 4 5 7 8 10 12 13 | 13.2
Air Magic      | 5 6 7 8 10 12 15 | 15.0
Armour         | 2 3 5 6 7 8 9 |  9.0
Throwing       | 1 |  1.0
Dodging        | 3 5 6 7 8 10 | 10.0
Spellcasting   | 3 5 6 7 8 |  8.9
Shields        | 4 7 8 |  8.0
Evocations     | 1 3 5 |  5.0
Stealth        | 4 |  4.0
Fire Magic     | 4 |  4.0

Action                     |  1- 3 |  4- 6 |  7- 9 | 10-12 | 13-15 || total
---------------------------+-------+-------+-------+-------+-------++-------
  Melee: Dagger            |    44 |    55 |    17 |       |       ||   116
         Kick              |     6 |     8 |    38 |    61 |    98 ||   211
         Peck              |     7 |     8 |    16 |    39 |    55 ||   125
         Punch             |     1 |       |       |       |       ||     1
         Hand axe          |       |       |    82 |     4 |       ||    86
         Whip              |       |       |       |    46 |       ||    46
         Flail             |       |       |       |   117 |    86 ||   203
         Scimitar          |       |       |       |       |   179 ||   179
  Throw: Dart              |       |       |     8 |    16 |    21 ||    45
   Cast: Shock             |    40 |    45 |    96 |   208 |   121 ||   510
         Static Discharge  |       |    15 |     5 |    13 |   109 ||   142
         Swiftness         |       |     1 |       |     4 |     4 ||     9
         Airstrike         |       |       |    15 |   122 |   163 ||   300
         Apportation       |       |       |       |    14 |    10 ||    24
         Iskenderun's Myst |       |       |       |     1 |     8 ||     9
         Plasma Beam       |       |       |       |       |     5 ||     5
  Evoke: Wand              |       |       |       |    11 |     7 ||    18
         Phial of floods   |       |       |       |     1 |       ||     1
         Phantom mirror    |       |       |       |     1 |       ||     1
    Use: Potion            |       |     4 |       |     2 |       ||     6
         Scroll            |       |       |     3 |    11 |     7 ||    21
   Stab: Sleeping          |     2 |     4 |     1 |     1 |     1 ||     9
 Armour: Robe              |    10 |    10 |    13 |       |       ||    33
         Steam dragon scal |       |       |    14 |    58 |     9 ||    81
         Troll leather arm |       |       |       |       |    92 ||    92
  Dodge: Dodged            |    24 |    74 |   117 |   226 |   443 ||   884
  Block: Buckler           |       |       |    46 |   116 |   231 ||   393
